 Dungeon Crawl Stone Soup version 0.23.2-1-ga50397a (webtiles) character file.

Game seed: 7164276653555550748

6617 xveg the Basher (level 10, -10/88 HPs)
             Began as a Minotaur Berserker on May 15, 2019.
             Was a High Priest of Trog.
             Mangled by a skeletal warrior
             ... wielding a +0 battleaxe
              (14 damage)
             ... on level 9 of the Dungeon.
             The game lasted 00:18:30 (7150 turns).

xveg the Basher (Minotaur Berserker)                Turns: 7150, Time: 00:18:31

Health: -10/88     AC: 10    Str: 24    XL:     10   Next: 72%
Magic:  0/18       EV: 14    Int:  4    God:    Trog [*****.]
Gold:   469        SH:  0    Dex: 11    Spells: 9/9 levels left

rFire    . . .     SeeInvis .   u - +1 dire flail (freeze)
rCold    . . .     Gourm    .   (shield currently unavailable)
rNeg     . . .     Faith    .   i - +0 ring mail
rPois    .         Spirit   +   (helmet restricted)
rElec    .         Reflect  .   r - scarf {Spirit}
rCorr    .         Harm     .   (no gloves)
MR       +....                  d - +0 pair of boots
Stlth    +.........             (no amulet)
HPRegen  0.24/turn              g - ring of magical power
MPRegen  0.16/turn              (no ring)

@: berserk cooldown, slowed, very slow
A: retaliatory headbutt, horns 2, slimy green scales 1, magic resistance 1,
subdued magic 1
a: Berserk, Trog's Hand, Brothers in Arms, Renounce Religion


You were on level 9 of the Dungeon.
You worshipped Trog.
Trog was extremely pleased with you.
You were not hungry.

You visited 2 branches of the dungeon, and saw 10 of its levels.
You also visited: Sewer.

You collected 469 gold pieces.

Inventory:

Hand Weapons
 t - a +0 scythe of pain
 u - a +1 dire flail of freezing (weapon)
Armour
 a - a +0 animal skin
 d - a +0 pair of boots (worn)
 e - a +0 cloak
 i - a +0 ring mail (worn)
 r - a scarf of spirit shield (worn)
Jewellery
 g - a ring of magical power (left hand)
 z - a cursed ring of teleportation
 E - an uncursed amulet of the gourmand {unknown}
 G - an uncursed ring of stealth {unknown}
Wands
 m - a wand of disintegration (16)
 o - a wand of acid (4)
 p - a wand of random effects (15)
 A - a wand of clouds (3)
 F - a wand of paralysis (7)
Scrolls
 c - 2 scrolls of random uselessness
 f - 7 scrolls of identify
 h - 4 scrolls of remove curse
 s - 6 scrolls of teleportation
 y - a scroll of immolation {unknown}
 B - a scroll of fog {unknown}
 C - a scroll of enchant weapon {unknown}
 D - a scroll of acquirement {unknown}
Potions
 j - a potion of magic {unknown}
 k - 4 potions of invisibility
 l - 2 potions of agility
 n - 2 potions of mutation
 v - a potion of flight
 w - 6 potions of heal wounds {unknown}
 x - a potion of resistance {unknown}
Comestibles
 b - 19 rations


   Skills:
 + Level 7.8 Fighting
 + Level 9.5 Maces & Flails
 - Level 5.9 Polearms
 + Level 8.1 Armour
 + Level 7.1 Dodging
 - Level 1.1 Stealth
 + Level 9.3 Unarmed Combat


You had 9 spell levels left.
You didn't know any spells.
Your spell library contained the following spells:

 Spells                   Type           Power        Failure   Level  Hunger
 Confusing Touch          Hex            #.....       58%         1    ##.....
 Confuse                  Hex            #.......     92%         3    ####...
 Gell's Gravitas          Tloc           #.........   92%         3    ####...
 Petrify                  Tmut/Erth      #.......     100%        4    #####..
 Metabolic Englaciation   Hex/Ice        #.........   100%        5    ######.
 Yara's Violent Unravell  Hex/Tmut       #.........   100%        5    ######.


Dungeon Overview and Level Annotations

Branches:
Dungeon (9/15)             Temple (1/1) D:4            Lair (0/6) D:9
    Orc: D:9-12

Altars:
Ashenzari
Cheibriados
Dithmenos
Elyvilon
Gozag
Hepliaklqana
Kikubaaqudgha
Makhleb
Nemelex Xobeh
Okawaru
Qazlal
Ru
Sif Muna
Trog
Uskayaw
Vehumet
Wu Jian
Xom
Yredelemnul
Zin
The Shining One
Jiyva

Annotations:
D:4 Eustachio


Innate Abilities, Weirdness & Mutations

You reflexively headbutt those who attack you in melee.
You have a pair of horns on your head.
You are partially covered in slimy green scales. (AC +2)
You are resistant to hostile enchantments. (MR+)
Your spells are a little easier to cast, but a little less powerful.


Message History

Your headbutt misses the skeletal warrior.
The skeletal warrior closely misses you.
You furiously retaliate!
You headbutt the skeletal warrior. You hit the skeletal warrior.
The skeletal warrior is lightly damaged.
A necromancer comes into view. It is wielding a +0 dagger.
The skeletal warrior hits you with a +0 battleaxe!!
* * * LOW HITPOINT WARNING * * *
The necromancer shouts!
You feel better.
The skeletal warrior hits you with a +0 battleaxe!
* * * LOW HITPOINT WARNING * * *
A centaur zombie comes into view.
The necromancer points at you and mumbles some strange words.
Your body is wracked with pain!
* * * LOW HITPOINT WARNING * * *
The necromancer mumbles some strange words.
The necromancer binds the souls of nearby monsters.
The skeletal warrior hits you with a +0 battleaxe!
You die...

##### ####...# ####
.......#
#..###########
.......#
#.............
.......#
#.............
.......###............
..................#
..................#
#..............#@.#
#..............#z.#
#.....†........#).#
####...........#..#
..##.....#####.#..p
...#.....# #.#....
.........# #.######
.........# P...##...#


You could see a skeletal warrior and a necromancer.

Vanquished Creatures
  A hydra (D:8)
  A komodo dragon (D:9)
  2 dream sheep (D:8)
  2 hippogriffs
  Grinder (D:3)
  Sigmund (D:4)
  A wyvern (D:7)
  3 flying skulls (D:9)
  2 yaks (D:8)
  2 hungry ghosts (D:8)
  Edmund (D:4)
  An ice beast (D:6)
  An orc warrior (D:9)
  A black bear (D:7)
  3 necrophages (D:8)
  3 sky beasts
  An ogre (D:5)
  A phantom (D:8)
  3 centaurs
  An elf zombie (D:8)
  4 big kobolds
  3 bullfrogs
  3 killer bees (D:8)
  5 wights
  2 howler monkeys
  5 crimson imps
  6 human zombies (D:8)
  A bullfrog zombie (D:9)
  A gnoll shaman (D:6)
  An orc priest (D:6)
  2 hounds (D:7)
  A jelly (D:7)
  2 orc wizards (D:9)
  Jessica (D:3)
  A centaur skeleton (D:7)
  Natasha (thrice) (D:3)
  3 iguanas
  A worker ant (D:9)
  Ijyb (D:5)
  A killer bee zombie (D:5)
  A hound zombie (D:5)
  A mummy (D:8)
  A howler monkey zombie (D:9)
  5 gnolls (D:6)
  A worker ant zombie (D:7)
  A howler monkey skeleton (D:5)
  6 adders
  2 shadow imps (D:7)
  2 oozes (Sewer)
  2 adder skeletons
  8 worms
  A dart slug (D:2)
  14 leopard geckos
  13 orcs
  10 giant cockroaches
  7 goblins
  8 hobgoblins
  11 jackals
  3 quokkas
  A ball python (D:2)
  12 bats
  7 frilled lizards
  A jackal skeleton (D:4)
  15 kobolds
  An orc zombie (D:8)
  3 quokka skeletons
  A quokka zombie (D:9)
  7 rats
224 creatures vanquished.

Vanquished Creatures (others)
  4 plants (D:9)
4 creatures vanquished.

Grand Total: 228 creatures vanquished

Notes
Turn   | Place    | Note
-------+----------+-------------------------------------------
     0 | D:1      | xveg the Minotaur Berserker began the quest for the Orb.
     0 | D:1      | Reached XP level 1. HP: 19/19 MP: 0/0
   114 | D:1      | Reached XP level 2. HP: 25/27 MP: 1/1
   443 | D:2      | Reached XP level 3. HP: 27/33 MP: 2/2
   443 | D:2      | Reached ** piety under Trog
   541 | D:2      | Reached XP level 4. HP: 22/41 MP: 3/3
   881 | D:3      | Noticed Grinder
   899 | D:3      | Killed Grinder
   899 | D:3      | Reached skill level 5 in Fighting
   899 | D:3      | Reached skill level 5 in Unarmed Combat
   899 | D:3      | Reached XP level 5. HP: 12/48 MP: 4/4
   899 | D:3      | Reached XP level 6. HP: 14/56 MP: 5/5
  1265 | D:3      | Found a glowing silver altar of Zin.
  1271 | D:3      | Noticed Jessica
  1274 | D:3      | Killed Jessica
  1314 | D:3      | Reached *** piety under Trog
  1438 | D:3      | Noticed Natasha
  1445 | D:3      | Killed Natasha
  1536 | D:3      | Noticed Natasha
  1540 | D:3      | Killed Natasha
  1580 | D:3      | Noticed Natasha
  1587 | D:3      | Killed Natasha
  1834 | D:4      | Noticed Sigmund
  1850 | D:4      | Killed Sigmund
  1850 | D:4      | Reached XP level 7. HP: 57/61 MP: 6/6
  1858 | D:4      | Found a staircase to the Ecumenical Temple.
  1873 | D:4      | Found a shattered altar of Ashenzari.
  1874 | D:4      | Found a basalt altar of Yredelemnul.
  1874 | D:4      | Found a sparkling altar of Nemelex Xobeh.
  1921 | D:4      | Noticed Edmund
  1929 | D:4      | Killed Edmund
  1929 | D:4      | Reached skill level 1 in Polearms
  1949 | D:4      | Noticed Eustachio
  2184 | D:4      | Found a glowing drain.
  2197 | Sewer    | Entered a sewer
  2309 | Sewer    | Reached **** piety under Trog
  2500 | Sewer    | Gained mutation: Your body sometimes deteriorates upon
                  | taking damage. [potion of mutation]
  2500 | Sewer    | Gained mutation: You tend to lose your temper in combat.
                  | [potion of mutation]
  2500 | Sewer    | Gained mutation: Your mind is acute. (Int +2) [potion of
                  | mutation]
  2919 | Temple   | Entered the Ecumenical Temple
  3125 | D:5      | Entered Level 5 of the Dungeon
  3131 | D:5      | Reached skill level 5 in Armour
  3179 | D:5      | Noticed Ijyb
  3190 | D:5      | Killed Ijyb
  3667 | D:5      | Found a radiant altar of Vehumet.
  4039 | D:5      | Reached XP level 8. HP: 57/69 MP: 7/7
  4545 | D:6      | Found an iron altar of Okawaru.
  4548 | D:6      | Found a snail-covered altar of Cheibriados.
  4562 | D:6      | Reached skill level 1 in Stealth
  4564 | D:6      | Reached skill level 5 in Dodging
  5224 | D:7      | Noticed a hippogriff
  5231 | D:7      | Killed a hippogriff
  5243 | D:7      | Reached XP level 9. HP: 65/75 MP: 8/8
  5321 | D:7      | Reached skill level 5 in Polearms
  5334 | D:7      | Reached ***** piety under Trog
  5397 | D:7      | Reached skill level 1 in Maces & Flails
  5652 | D:7      | Lost mutation: Your body sometimes deteriorates upon taking
                  | damage. [potion of mutation]
  5652 | D:7      | Lost mutation: Your mind is acute. (Int +2) [potion of
                  | mutation]
  5652 | D:7      | Lost mutation: You tend to lose your temper in combat.
                  | [potion of mutation]
  5652 | D:7      | Gained mutation: Your spells are a little easier to cast,
                  | but a little less powerful. [potion of mutation]
  5652 | D:7      | Gained mutation: You are resistant to hostile enchantments.
                  | (MR+) [potion of mutation]
  5652 | D:7      | Gained mutation: You are partially covered in slimy green
                  | scales. (AC +2) [potion of mutation]
  6168 | D:8      | Found an ancient bone altar of Kikubaaqudgha.
  6224 | D:8      | Reached skill level 5 in Maces & Flails
  6261 | D:8      | Found a stormy altar of Qazlal.
  6508 | D:8      | Found a sacrificial altar of Ru.
  6520 | D:8      | Reached XP level 10. HP: 84/84 MP: 9/9
  6551 | D:8      | Noticed a two-headed hydra
  6564 | D:8      | Killed a two-headed hydra
  7029 | D:9      | Found a staircase to the Lair.
  7145 | D:9      | Noticed a skeletal warrior
  7148 | D:9      | Noticed a necromancer
  7149 | D:9      | HP: 4/88 [skeletal warrior/+0 battleaxe (12)]
  7150 | D:9      | Mangled by a skeletal warrior

Skill      XL: |  1  2  3  4  5  6  7  8  9 10 |
---------------+-------------------------------+-----
Fighting       | 4 5 6 7 |  7.8
Unarmed Combat | 4 5 6 7 9 |  9.3
Armour         | 3 4 5 6 7 8 |  8.1
Dodging        | 3 4 5 6 7 |  7.1
Polearms       | 2 4 5 |  5.9
Stealth        | 1 |  1.1
Maces & Flails | 6 9 |  9.5

Action                   |  1- 3 |  4- 6 |  7- 9 | 10-12 || total
-------------------------+-------+-------+-------+-------++-------
Melee: Unarmed           |    73 |   112 |   248 |       ||   433
       Headbutt          |    10 |    23 |    80 |    18 ||   131
       Punch             |     2 |     1 |     8 |       ||    11
       Dire flail        |       |       |   201 |    98 ||   299
Invok: Berserk           |       |       |     2 |     1 ||     3
       Trog's Hand       |       |       |     1 |       ||     1
Evoke: Wand              |       |       |       |     1 ||     1
  Use: Potion            |       |       |    11 |     1 ||    12
       Scroll            |       |       |     9 |       ||     9
  Eat: Chunk             |       |     2 |     7 |       ||     9
       Ration            |       |     1 |     8 |       ||     9
Armor: Animal skin       |    15 |     4 |       |       ||    19
       Ring mail         |       |    23 |   180 |    34 ||   237
Dodge: Dodged            |    47 |    65 |   280 |    45 ||   437
